 Dungeon Crawl Stone Soup version 0.29-a0-23-ga79f92ac9c (webtiles) character file.

Game seed: 6131355189338047814

197 bande the Covered (level 5, -7/33 HPs)
             Began as a Gargoyle Fighter on Jan 31, 2022.
             Mangled by an ogre (20 damage)
             ... on level 7 of the Dungeon.
             The game lasted 00:06:09 (2786 turns).

bande the Covered (Gargoyle Fighter)                Turns: 2786, Time: 00:06:09

Health: -7/33      AC: 12    Str: 20    XL:     5   Next: 75%
Magic:  5/5        EV:  9    Int:  8    God:
Gold:   70         SH:  4    Dex: 11    Spells: 4/4 levels left

rFire   . . .      SeeInvis .   a - +0 war axe (flame)
rCold   . . .      Faith    .   c - +0 buckler
rNeg    + . .      Spirit   .   b - +0 scale mail
rPois   ∞          Reflect  .   (no helmet)
rElec   +          Harm     .   (no cloak)
rCorr   .          Rampage  .   h - +0 pair of gloves
Will    .....                   (no boots)
Stlth   ..........              (no amulet)
HPRegen 0.11/turn               g - +4 ring of slaying
MPRegen 0.09/turn               (no ring)

@: no status effects
A: sickness immunity, AC +4, negative energy resistance 1, electricity
resistance, torment resistance 1, petrification resistance
a: no special abilities


You were on level 7 of the Dungeon.
You visited 1 branch of the dungeon, and saw 5 of its levels.

You collected 70 gold pieces.

Inventory:

Hand Weapons
 a - a +0 war axe of flaming (weapon)
Armour
 b - a +0 scale mail (worn)
 c - a +0 buckler (worn)
 h - a +0 pair of gloves (worn)
Jewellery
 g - a +4 ring of slaying (left hand)
Scrolls
 e - a scroll of identify
 j - a scroll of enchant armour {unknown}
 k - a scroll of summoning {unknown}
Potions
 d - a potion of might
 f - a potion of curing
 i - a potion of attraction {unknown}


   Skills:
 + Level 4.0 Fighting
 + Level 3.6 Axes
 + Level 4.3 Armour
 - Level 0.1 Dodging
 - Level 0.5 Stealth
 + Level 4.1 Shields


You had 4 spell levels left.
You didn't know any spells.
Your spell library contained the following spells:

 Spells                   Type           Power      Damage    Failure   Level
 Shock                    Conj/Air       0%         1d3       83%         1
 Fulminant Prism          Conj/Hex       0%         3d6       100%        4
 Silence                  Hex/Air        0%         N/A       100%        5


Dungeon Overview and Level Annotations

Branches:
Dungeon (4/15)
 Temple: D:4-7

Altars:
Elyvilon

Shops:
D:2 (


Innate Abilities, Weirdness & Mutations

You are immune to sickness and miasma.
Your stone body is resilient. (AC +4)
You are immune to poison.
You resist negative energy. (rN+)
You are resistant to electric shocks. (rElec)
You are resistant to unholy torment.
You are immune to petrification.


Message History

a +0 club; a goblin corpse A rat comes into view.
You block the rat's attack.
You completely miss the rat. The rat bites you but does no damage.
You slash the rat! You burn the rat.
You kill the rat!
No target in view!
No target in view!
No target in view!
Done exploring.
There is a stone staircase leading down here.
You climb downwards.
A sourceless malevolence fills the Dungeon...
You fall into a shaft and drop 3 floors!
The shaft crumbles and collapses.
A hound comes into view.
The hound barks!
The hound bites you.
You hit the hound. You burn the hound.
The hound is heavily wounded.
The hound stops to sniff the ground.
The hound barely misses you. You block the hound's attack.
You slice the hound!! You burn the hound.
You kill the hound!
You see here a hound corpse.
A scorpion comes into view.
An ogre comes into view. It is wielding a +0 giant club.
The ogre shouts!
You barely miss the ogre. The ogre hits you with a +0 giant club!
You slash the ogre! You burn the ogre.
The ogre is heavily wounded.
The ogre hits you with a +0 giant club!
You barely miss the ogre.
The ogre is heavily wounded.
You block the ogre's attack.
You barely miss the ogre.
The ogre is heavily wounded.
The ogre hits you with a +0 giant club!!
Ouch! That really hurt!
You die...

#.#. .# # #...#.# #
#...# # ##.## #.#
#+# #.# #.# #.# #.#
#O# #######.######
#@# #.........†..#
##.###.###.....##.#
#...##.# ##...##...
#.#....# ##.###...
#...#### ### #...
##### ####


You could see an ogre.

Vanquished Creatures
  A hound (D:7)
  Jessica (D:2)
  An orc wizard (D:3)
  4 adders
  4 dart slugs
  2 orcs (D:3)
  6 ball pythons
  7 endoplasms
  A giant cockroach (D:3)
  9 goblins
  7 hobgoblins
  7 quokkas
  6 bats
  2 frilled lizards
  4 kobolds (D:1)
  4 rats
66 creatures vanquished.

Vanquished Creatures (others)
  38 plants (D:3)
38 creatures vanquished.

Grand Total: 104 creatures vanquished

Notes
Turn   | Place    | Note
-------+----------+-------------------------------------------
     0 | D:1      | bande the Gargoyle Fighter began the quest for the Orb.
     0 | D:1      | Reached XP level 1. HP: 14/14 MP: 1/1
    45 | D:1      | Got the Compendium of Arcane Weapons and Bewitchment
   302 | D:1      | Reached XP level 2. HP: 19/19 MP: 2/2
  1002 | D:1      | Reached XP level 3. HP: 23/23 MP: 3/3
  1508 | D:2      | Found Kytaf's Antique Weapon Shop.
  1606 | D:2      | Reached XP level 4. HP: 29/29 MP: 4/4
  1823 | D:2      | Noticed Jessica
  1833 | D:2      | Killed Jessica
  2131 | D:3      | Found a white marble altar of Elyvilon.
  2136 | D:3      | Reached XP level 5. HP: 33/33 MP: 5/5
  2506 | D:3      | Found a faded altar of an unknown god.
  2709 | D:4      | You fall into a shaft and drop 3 floors!
  2771 | D:7      | Noticed an ogre
  2786 | D:7      | Mangled by an ogre

Illustrated notes

Levels and vault maps discovered:
D:1:      pf_arrival_petrified_forest, layout_loops_corners, hex_large
D:2:      layout_basic, serial_shops, nicolae_shop_stone, skrybe_limestone_x,
          uniq_jessica
D:3:      wad_woods_stonehenge, layout_rooms, shapermc_ecumenical_altar_pompeii
D:4:      layout_layer_cave, minmay_temple_entry_statues, uniq_natasha
D:7:      layout_loops_corners, nicolae_wu_jian_glorious_leap,
          marbit_many_paths, serial_shops, nicolae_shop_statue_plus

Skill      XL: |  1  2  3  4  5 |
---------------+----------------+-----
Axes           | 2 3 |  3.6
Armour         | 4 |  4.3
Fighting       | 4 |  4.0
Shields        | 4 |  4.1
Dodging        | |  0.1
Stealth        | |  0.5

Action                   |  1- 3 |  4- 6 || total
-------------------------+-------+-------++-------
Melee: War axe           |    75 |    65 ||   140
  Use: Scroll            |     2 |     4 ||     6
Armor: Scale mail        |    39 |    30 ||    69
Dodge: Dodged            |    31 |    33 ||    64
Block: Buckler           |    17 |    17 ||    34

Table legend: (Time is in decaauts)
 A = Elapsed time spent in this place.
 B = Non-inter-level travel time spent in this place.
 C = Inter-level travel time spent in this place.
 D = Time resting spent in this place.
 E = Time spent auto-exploring this place.
 F = Levels seen in this place.
 G = Mean time per level.
                   A        B        C        D        E       F      G
               +--------+--------+--------+--------+--------+-----+--------+
         Total |   2842 |   2819 |     23 |    157 |   2055 |   5 |  568.4 |
       Dungeon |   2842 |   2819 |     23 |    157 |   2055 |   5 |  568.4 |
               +--------+--------+--------+--------+--------+-----+--------+

Top non-repeatable levels by time:
     D:1: 1337 daAuts
     D:2: 737 daAuts
     D:3: 688 daAuts
     D:7: 78 daAuts
